 Dungeon Crawl Stone Soup version 0.28-b1-70-g80dc712255 (webtiles) character file.

Game seed: 15637503715536545823

40 crazypyro the Skirmisher (level 3, -1/40 HPs)
             Began as an Ogre Fighter on Feb 3, 2022.
             Slain by an adder (4 damage)
             ... on level 2 of the Dungeon.
             The game lasted 00:01:00 (1249 turns).

crazypyro the Skirmisher (Ogre Fighter)             Turns: 1249, Time: 00:01:01

Health: -1/40      AC:  3    Str: 22    XL:     3   Next: 50%
Magic:  3/3        EV:  8    Int:  9    God:
Gold:   96         SH:  7    Dex:  8    Spells: 2/2 levels left

rFire   . . .      SeeInvis .   a - +0 flail
rCold   . . .      Faith    .   c - +0 kite shield
rNeg    . . .      Spirit   .   b - +0 robe
rPois   .          Reflect  .   (helmet restricted)
rElec   .          Harm     .   (no cloak)
rCorr   .          Rampage  .   (gloves unavailable)
Will    .....                   (boots unavailable)
Stlth   +.........              (no amulet)
HPRegen 0.13/turn               (no ring)
MPRegen 0.08/turn               (no ring)

@: mighty, lethally poisoned (-1 -> -4)
A: large, unfitting armour, tough skin 1
a: no special abilities


You were on level 2 of the Dungeon.
You visited 1 branch of the dungeon, and saw 2 of its levels.

You collected 96 gold pieces.

Inventory:

Hand Weapons
 a - a +0 flail (weapon)
Armour
 b - a +0 robe (worn)
 c - a +0 kite shield (worn)
Scrolls
 g - a scroll of identify


   Skills:
 + Level 4.7 Fighting
 * Level 3.0 Maces & Flails
 - Level 2.6 Dodging
 - Level 2.6 Shields


You had 2 spell levels left.
You didn't know any spells.
Your spell library was empty.

Dungeon Overview and Level Annotations

Branches:
Dungeon (2/15)

Altars:


Innate Abilities, Weirdness & Mutations

You are too large for most types of armour.
You have tough skin. (AC +1)


Message History

You barely miss the adder.
The adder is lightly wounded.
You feel sick. The giant cockroach barely misses you. The adder bites you.
The giant cockroach barely misses you.
You barely miss the adder.
The adder is lightly wounded.
You feel sick.
You are no longer poisoned.
You block the adder's attack. The giant cockroach barely misses you.
The adder bites you. The giant cockroach barely misses you.
You miss the adder.
The adder is lightly wounded.
The adder closely misses you. You block the giant cockroach's attack.
You block the adder's attack.
You miss the adder.
The adder is lightly wounded.
The giant cockroach bites you but does no damage.
The adder closely misses you. The giant cockroach bites you.
You barely miss the adder.
The adder is lightly wounded.
The adder bites you.
* * * LOW HITPOINT WARNING * * *
You are poisoned.
The adder poisons you! The adder barely misses you.
You block the giant cockroach's attack.
You feel sick. You block the adder's attack.
You see here a frilled lizard corpse.
You feel very mighty all of a sudden.
You feel sick.
The giant cockroach bites you but does no damage.
You block the adder's attack. The giant cockroach bites you.
* * * LOW HITPOINT WARNING * * *
You closely miss the adder.
The adder is lightly wounded.
You feel sick. The adder bites you.
* * * LOW HITPOINT WARNING * * *
The giant cockroach bites you.
* * * LOW HITPOINT WARNING * * *
The adder bites you.
You die...

## .# ..# . ## #.# .. .#
#.# ... .# #.# .... .#
#.# ####..... .# #.#
##........ .#
###'####.B.......
.########.......@S.......
.........................
#)..####.........#####.##
......##.........# #
......###..>.....#
......# #........#
......# #........#
......# #........#
......# ###.####.


You could see an adder and a giant cockroach.

Vanquished Creatures
  An adder (D:2)
  2 dart slugs
  3 endoplasms
  A giant cockroach (D:1)
  A goblin (D:2)
  3 hobgoblins (D:1)
  4 kobolds
  3 quokkas (D:1)
  2 ball pythons
  A bat (D:1)
  2 frilled lizards (D:2)
  2 rats (D:1)
25 creatures vanquished.

Notes
Turn   | Place    | Note
-------+----------+-------------------------------------------
     0 | D:1      | crazypyro the Ogre Fighter began the quest for the Orb.
     0 | D:1      | Reached XP level 1. HP: 24/24 MP: 1/1
   335 | D:1      | Reached XP level 2. HP: 17/32 MP: 2/2
  1000 | D:2      | Reached XP level 3. HP: 34/40 MP: 3/3
  1249 | D:2      | Slain by an adder

Illustrated notes

Levels and vault maps discovered:
D:1:      nicolae_arrival_memento_mori, layout_rooms
D:2:      wad_crossroads, layout_basic, uniq_natasha, uniq_robin

Skill      XL: |  1  2  3 |
---------------+----------+-----
Maces & Flails | 2 3 |  3.0
Fighting       | |  4.7
Dodging        | |  2.6
Shields        | |  2.6

Action                   || total
-------------------------++-------
Melee: Flail             ||   110
  Use: Scroll            ||     3
       Potion            ||     1
Armor: Robe              ||    32
Dodge: Dodged            ||    40
Block: Kite shield       ||    50
